 Dungeon Crawl Stone Soup version 0.25-a0-42-g6c54e25894 (webtiles) character file.

Game seed: 5844529946968397814, levelgen mode: deterministic

77 Gynju the Magician (level 4, -11/24 HPs)
             Began as a Deep Elf Fire Elementalist on Oct 23, 2019.
             Mangled by Sigmund
             ... wielding a +0 scythe
              (12 damage)
             ... on level 2 of the Dungeon.
             The game lasted 00:01:42 (1608 turns).

Gynju the Magician (Deep Elf Fire Elementalist)     Turns: 1608, Time: 00:01:43

Health: -11/24     AC:  2    Str:  5    XL:     4   Next: 13%
Magic:  12/12      EV: 13    Int: 21    God:
Gold:   27         SH:  0    Dex: 15    Spells: 7/11 levels left

rFire    . . .     SeeInvis .   (no weapon)
rCold    . . .     Gourm    .   (no shield)
rNeg     . . .     Faith    .   a - +0 robe
rPois    .         Spirit   .   (no helmet)
rElec    .         Reflect  .   (no cloak)
rCorr    .         Harm     .   (no gloves)
MR       .....                  (no boots)
Stlth    +.........             (no amulet)
HPRegen  0.08/turn              (no ring)
MPRegen  0.13/turn              (no ring)

@: confused
A: no striking features
a: no special abilities


You were on level 2 of the Dungeon.
You were not hungry.

You visited 1 branch of the dungeon, and saw 2 of its levels.

You collected 27 gold pieces.

Inventory:

Missiles
 e - 6 datura-tipped darts (quivered)
Armour
 a - a +0 robe (worn)
Wands
 f - a wand of random effects (22)
Scrolls
 b - a scroll of immolation {unknown}
 g - 5 scrolls of amnesia {unknown}
 i - a scroll of identify {unknown}
 j - a scroll of random uselessness {unknown}
 k - a scroll of remove curse {unknown}
 l - 3 scrolls of teleportation {unknown}
 o - a scroll of enchant weapon {unknown}
Potions
 d - a potion of resistance {unknown}
 h - 2 potions of curing {unknown}
 m - a potion of degeneration {unknown}
Comestibles
 c - 3 rations
 n - 4 chunks of flesh


   Skills:
 + Level 3.3 Dodging
 - Level 2.4 Stealth
 + Level 4.0 Spellcasting
 + Level 2.3 Conjurations
 + Level 3.9 Fire Magic


You had 7 spell levels left.
You knew the following spells:

 Your Spells              Type           Power        Failure   Level  Hunger
a - Flame Tongue          Conj/Fire      ###..        3%          1    None
b - Conjure Flame         Conj/Fire      ###.....     10%         3    ###....

Your spell library contained the following spells:

 Spells                   Type           Power        Failure   Level  Hunger
 Throw Flame              Conj/Fire      ###...       4%          2    #......
 Inner Flame              Hex/Fire       ##......     16%         3    ###....
 Sticky Flame             Conj/Fire      ###.....     32%         4    ####...
 Fireball                 Conj/Fire      ###.......   67%         5    ######.


Dungeon Overview and Level Annotations

Branches:
Dungeon (2/15)

Altars:
Kikubaaqudgha

Annotations:
D:2 Sigmund


Message History

Confirm with . or Enter, or press ? or * to list all spells.
You can't see any susceptible monsters within range! (Use Z to cast anyway.)
Casting: Flame Tongue (safe; 3% risk of failure)
Confirm with . or Enter, or press ? or * to list all spells.
You can't see any susceptible monsters within range! (Use Z to cast anyway.)
Casting: Flame Tongue (safe; 3% risk of failure)
Confirm with . or Enter, or press ? or * to list all spells.
You can't see any susceptible monsters within range! (Use Z to cast anyway.)
A bat comes into view.
Something hits you!
You are confused.
Something hits you!
You hear some strange, mumbled words.
You are more confused.
Something hits you!
* * * LOW HITPOINT WARNING * * *
You bump into the rock wall.
You bump into the rock wall.
Something hits you!
Ouch! That really hurt!
You die...

#####)####.######.#
#..................
#.###.####..#####.#
#.# #..# #.# #####.#
#..# #. .....# #..#
#..####{.#####.
...####..............
#......)...@...######
.#..###.######.# .
#.# #.# #.# #.# #.#
#.# #.######.#
#........# #.######.#
###.# #.#


There were no monsters in sight!

Vanquished Creatures
  Terence (D:2)
  An adder (D:2)
  2 oozes
  2 dart slugs (D:1)
  A leopard gecko (D:2)
  A giant cockroach (D:1)
  4 hobgoblins
  2 jackals (D:1)
  2 ball pythons
  4 bats
  3 goblins (D:1)
  3 kobolds (D:1)
  5 rats
31 creatures vanquished.

Notes
Turn   | Place    | Note
-------+----------+-------------------------------------------
     0 | D:1      | Gynju the Deep Elf Fire Elementalist began the quest for
                  | the Orb.
     0 | D:1      | Reached XP level 1. HP: 10/10 MP: 6/6
   438 | D:1      | Reached XP level 2. HP: 7/15 MP: 4/8
  1152 | D:2      | Reached XP level 3. HP: 19/19 MP: 8/10
  1213 | D:2      | Found an ancient bone altar of Kikubaaqudgha.
  1428 | D:2      | Noticed Terence
  1440 | D:2      | Learned a level 3 spell: Conjure Flame
  1453 | D:2      | Killed Terence
  1453 | D:2      | Reached skill level 4 in Spellcasting
  1453 | D:2      | Reached XP level 4. HP: 24/24 MP: 3/12
  1577 | D:2      | Noticed Sigmund
  1606 | D:2      | HP: 1/24 [something (9)]
  1608 | D:2      | Mangled by Sigmund

Levels and vault maps discovered:
D:1:      matt_arrival_spirals, layout_loops_ring
D:2:      layout_loops_ring, kiku_gazebo_pond_becter,
          chequers_ecumenical_altar_simple_redux, grunt_ministairs_5,
          nicolae_gozag_seed_capital, uniq_terence, uniq_sigmund

Skill      XL: |  1  2  3 |
---------------+----------+-----
Dodging        | 3 |  3.3
Conjurations   | 2 |  2.3
Spellcasting   | 4 |  4.0
Stealth        | |  2.4
Fire Magic     | |  3.9

Action                   |  1- 3 |  4- 6 || total
-------------------------+-------+-------++-------
Melee: Unarmed           |     1 |       ||     1
 Cast: Flame Tongue      |    51 |     3 ||    54
       Conjure Flame     |     1 |       ||     1
  Eat: Chunk             |     1 |     1 ||     2
Armor: Robe              |     6 |       ||     6
Dodge: Dodged            |    11 |       ||    11

Table legend:
 A = Non-vault XP
 B = Vault XP
 C = Vault XP percentage of total XP
 D = Non-vault monster count
 E = Vault monster count
 F = Vault count percentage of total count
                 A         B        C        D         E       F
            +---------+---------+-------+---------+---------+-------
      Total |      74 |      36 |  32.7 |      30 |       1 |   3.2
            +---------+---------+-------+---------+---------+-------
        D:1 |      40 |       0 |   0.0 |      20 |       0 |   0.0
        D:2 |      34 |      36 |  51.4 |      10 |       1 |   9.1
            +---------+---------+-------+---------+---------+-------
